 Dungeon Sprint DCSS version 0.21.2 (webtiles) character file.

4100000 Fang the Middleweight Champion (level 22, -50/233 HPs)
             Began as a Red Draconian Transmuter on Jan 31, 2019.
             Was the Champion of Makhleb.
             Annihilated by a large bag of meat
             ... wielding a +9 giant spiked club
              (112 damage)
             ... in the Dungeon (Sprint VIII: "Arena of Blood").
             The game lasted 00:01:47 (41 turns).

Fang the Middleweight Champion (DrTm)                 Turns: 41, Time: 00:01:48

Health: -50/233    AC: 11    Str: 20    XL:     22   Next: 94%
Magic:  12/53      EV: 30    Int: 15    God:    Makhleb [******]
Gold:   0          SH:  0    Dex: 13    Spells: 74/75 levels left

rFire    + . .     SeeInvis .   j - +∞ Axe of Woe
rCold    . . .     Gourm    .   (shield currently unavailable)
rNeg     . . .     Faith    .   (armour unavailable)
rPois    .         Spirit   .   (helmet restricted)
rElec    .         Reflect  .   (no cloak)
rCorr    .         Harm     .   (no gloves)
MR       +....     NoTele   +   (no boots)
Stlth    +++++++++.             (no amulet)
HPRegen  0.48/turn              (no ring)
MPRegen  0.33/turn              (no ring)

@: no status effects
A: breathe fire, unfitting armour, fire resistance 1, cold-blooded, AC +11
a: Breathe Fire, Minor Destruction, Lesser Servant of Makhleb, Major
Destruction, Greater Servant of Makhleb, Renounce Religion


You were in the Dungeon.
You worshipped Makhleb.
Makhleb was exalted by your worship.
You were not hungry.

You visited 1 branch

Inventory:

Hand Weapons
 j - the +∞ Axe of Woe (weapon)
   (You found it in the Dungeon)
Missiles
 a - 12 arrows
Scrolls
 i - a scroll of blinking
Potions
 d - a potion of curing
 e - a potion of heal wounds
 f - a potion of haste
 g - 2 potions of magic
 h - a potion of berserk rage
Books
 b - a book of Changes

   Spells                             Type                      Level
   a - Beastly Appendage              Transmutation                1
   b - Sticks to Snakes               Transmutation                2
   c - Spider Form                    Transmutation/Poison         3
   d - Ice Form                       Ice/Transmutation            4
   e - Blade Hands                    Transmutation                5
Comestibles
 c - a ration


   Skills:
 O Level 27 Fighting
 O Level 27 Axes
 O Level 27 Throwing
 O Level 27 Dodging
 O Level 27 Stealth
 O Level 27 Unarmed Combat
 O Level 27 Spellcasting
 O Level 27 Transmutations
 O Level 27 Invocations


You had 74 spell levels left.
You knew the following spells:

 Your Spells              Type           Power        Failure   Level  Hunger
a - Beastly Appendage     Tmut           ######       0%          1    None


Dungeon Overview and Level Annotations

Branches:
Dungeon (1/1)

Altars:
Makhleb


Innate Abilities, Weirdness & Mutations

You can breathe blasts of fire.
Your fiery red scales are hard. (AC +11)
You cannot fit into any form of body armour.
Your flesh is heat resistant. (rF+)
You are cold-blooded and may be slowed by cold attacks.


Message History

Unknown command.
You slice the bag of meat!!
You slaughter the bag of meat joyfully.
You kill the bag of meat!
Makhleb accepts your kill.
You are engulfed in blazing flames.
You resist.
You hear a shout! x3
The destroyer is engulfed in blazing flames.
The destroyer blinks!
You hear a shout! x2
The bag of meat is engulfed in blazing flames.
You hear a roar!
You hear a shout!
A destroyer comes into view.
It is wielding a +9 great sword of slicing. 3 orcs come into view.
You are engulfed in blazing flames.
You resist.
You hear two shouts!
You hear a shout! x2
The large bag of meat is engulfed in blazing flames.
The large bag of meat hits you with a +9 giant spiked club!!!!
* * * LOW HITPOINT WARNING * * *
The large bag of meat hits you with a +9 giant spiked club!!!!
You die...

#......%# . #...
...# .. ..###...
%..###..o
..%.%.###.....O.O
.§...._........o
#..§§§# ....
#V.<§_# .....
VO.#..O)§#......
.oOo.._§@§.o....
..%...###oO......
..###...
ooo###... .
#....o..# ..
#..%.V..#
.........
..o......
..........


You could see 2 destroyers, a large bag of meat (inner flame), 4 meat berserkers
and 11 bags of meat.

Vanquished Creatures
  2 vampire knights (D)
  9 ogres (D)
  3 two-headed ogres (D)
  15 orcs (D)
29 creatures vanquished.

Notes
Turn   | Place    | Note
-------+----------+-------------------------------------------
     0 | D        | Found the +∞ Axe of Woe
     0 | D        | Fang the Draconian Transmuter began the quest for the Orb.
     0 | D        | Reached XP level 1. HP: 16/16 MP: 3/3
     4 | D        | Became a worshipper of Makhleb the Destroyer
     5 | D        | Noticed a bag of meat
     5 | D        | Noticed a bag of meat
     7 | D        | Noticed a bag of meat
     7 | D        | Noticed a bag of meat
     8 | D        | Noticed a meat berserker
     8 | D        | Noticed a meat berserker
    10 | D        | Noticed a bag of meat
    10 | D        | Killed a meat berserker
    10 | D        | Reached XP level 2. HP: 23/23 MP: 3/16
    10 | D        | Reached XP level 3. HP: 28/28 MP: 3/18
    10 | D        | Reached XP level 4. HP: 35/35 MP: 3/19
    10 | D        | Reached XP level 5. HP: 40/40 MP: 3/21
    10 | D        | Reached XP level 6. HP: 47/47 MP: 3/22
    10 | D        | Your scales start taking on a fiery red colour.
    10 | D        | Reached XP level 7. HP: 52/52 MP: 3/24
    10 | D        | Gained mutation: Your flesh is heat resistant. (rF+) [Red Draconian growth]
    10 | D        | Reached XP level 8. HP: 59/59 MP: 3/25
    10 | D        | Reached XP level 9. HP: 64/64 MP: 3/26
    10 | D        | Reached XP level 10. HP: 71/71 MP: 3/27
    10 | D        | Reached XP level 11. HP: 77/77 MP: 3/28
    10 | D        | Reached XP level 12. HP: 83/83 MP: 3/29
    10 | D        | Reached XP level 13. HP: 89/89 MP: 3/30
    10 | D        | Noticed a bag of meat
    11 | D        | Noticed a bag of meat
    11 | D        | Killed a bag of meat
    11 | D        | Reached * piety under Makhleb
    11 | D        | Killed a bag of meat
    11 | D        | Reached skill level 15 in Spellcasting
    11 | D        | Reached XP level 14. HP: 52/96 MP: 3/33
    11 | D        | Killed a meat berserker
    11 | D        | Reached skill level 27 in Unarmed Combat
    11 | D        | Reached XP level 15. HP: 58/107 MP: 3/36
    11 | D        | Reached ** piety under Makhleb
    12 | D        | Reached skill level 5 in Fighting
    13 | D        | Noticed a meat berserker
    13 | D        | Reached skill level 15 in Axes
    13 | D        | Reached XP level 16. HP: 124/124 MP: 4/40
    14 | D        | Noticed a meat berserker
    14 | D        | Reached *** piety under Makhleb
    15 | D        | Noticed a meat berserker
    16 | D        | Killed a meat berserker
    16 | D        | Reached skill level 10 in Fighting
    16 | D        | Reached XP level 17. HP: 101/141 MP: 5/44
    16 | D        | Reached **** piety under Makhleb
    17 | D        | Killed a meat berserker
    17 | D        | Reached XP level 18. HP: 157/157 MP: 5/47
    17 | D        | Reached ***** piety under Makhleb
    19 | D        | Killed a meat berserker
    19 | D        | Reached skill level 15 in Fighting
    19 | D        | Reached skill level 27 in Axes
    19 | D        | Reached skill level 27 in Spellcasting
    19 | D        | Reached XP level 19. HP: 170/170 MP: 6/50
    19 | D        | Reached skill level 27 in Transmutations
    21 | D        | Noticed a large bag of meat
    22 | D        | Noticed a meat berserker
    22 | D        | Noticed a meat berserker
    22 | D        | Noticed a large bag of meat
    24 | D        | Reached skill level 27 in Dodging
    26 | D        | Killed a meat berserker
    26 | D        | Reached skill level 27 in Fighting
    26 | D        | Killed a large bag of meat
    26 | D        | Reached XP level 20. HP: 216/216 MP: 8/51
    27 | D        | Noticed a large bag of meat
    27 | D        | Killed a meat berserker
    27 | D        | Reached skill level 15 in Throwing
    30 | D        | Noticed a meat berserker
    30 | D        | Killed a large bag of meat
    30 | D        | Reached ****** piety under Makhleb
    31 | D        | Noticed a meat berserker
    31 | D        | Noticed a destroyer
    32 | D        | Noticed a large bag of meat
    32 | D        | Killed a large bag of meat
    32 | D        | Reached XP level 21. HP: 224/224 MP: 9/52
    33 | D        | Killed a destroyer
    33 | D        | Reached skill level 27 in Stealth
    34 | D        | Reached skill level 27 in Invocations
    34 | D        | Reached XP level 22. HP: 233/233 MP: 10/53
    36 | D        | Noticed a destroyer
    38 | D        | Noticed a destroyer
    38 | D        | Noticed a destroyer
    38 | D        | Reached skill level 27 in Throwing
    38 | D        | Killed a destroyer
    41 | D        | Noticed a destroyer
    41 | D        | Annihilated by a large bag of meat

Skill      XL: |  1  2  3  4  5  6  7  8  9 10 11 12 13 14 15 16 17 18 19 20 21 22 |
---------------+-------------------------------------------------------------------+-----
Axes           | 6 8 11 15 21 25 27 | 27.0
Dodging        | 12 14 16 18 21 23 24 27 | 27.0
Unarmed Combat | 22 25 27 | 27.0
Spellcasting   | 13 15 17 20 23 25 27 | 27.0
Transmutations | 12 14 16 19 21 23 25 27 | 27.0
Fighting       | 3 6 10 13 15 27 | 27.0
Throwing       | 12 18 24 27 | 27.0
Stealth        | 12 25 27 | 27.0
Invocations    | 13 20 27 | 27.0

Action                   |  1- 3 |  4- 6 |  7- 9 | 10-12 | 13-15 | 16-18 | 19-21 | 22-24 || total
-------------------------+-------+-------+-------+-------+-------+-------+-------+-------++-------
Melee: Executioner's axe |     1 |       |       |       |     3 |     5 |     7 |     2 ||    18
